 Seeded DCSS version 0.25.1-2-g60ff931df9 (webtiles) character file.

Game seed: 9934298491571972217 (custom seed)

11070 sahdkjhfkaj the Basher (level 11, -19/71 HPs)
             Began as a Gargoyle Monk on Oct 9, 2020.
             Was an Elder of the Shining One.
             Demolished by a komodo dragon (21 damage)
             ... on level 1 of the Lair of Beasts.
             The game lasted 00:13:57 (9678 turns).

sahdkjhfkaj the Basher (Gargoyle Monk)              Turns: 9678, Time: 00:13:57

Health: -19/71     AC: 23    Str: 18    XL:     11   Next: 72%
Magic:  11/11      EV:  8    Int: 11    God:    the Shining One [****..]
Gold:   535        SH: 11    Dex: 12    Spells: 10/10 levels left

rFire    . . .     SeeInvis .   C - +0 morningstar
rCold    + . .     Gourm    .   z - +0 kite shield
rNeg     + + +     Faith    .   y - +0 chain mail
rPois    ∞         Spirit   .   (no helmet)
rElec    +         Reflect  .   s - +1 cloak
rCorr    .         Harm     .   (no gloves)
MR       .....                  q - +1 pair of boots
Stlth    ..........             w - amulet of regeneration
HPRegen  0.61/turn              k - ring of protection from cold
MPRegen  0.12/turn              (no ring)

@: glowing
A: negative energy resistance 1, electricity resistance, unbreathing,
petrification resistance, rot immunity, AC +8
a: Divine Shield, Cleansing Flame, Renounce Religion


You were on level 1 of the Lair of Beasts.
You worshipped the Shining One.
The Shining One was greatly pleased with you.
You were not hungry.

You visited 3 branches of the dungeon, and saw 12 of its levels.

You collected 645 gold pieces.
You spent 110 gold pieces at shops.

Inventory:

Hand Weapons
 u - a +2 demon whip
 C - a +0 morningstar (weapon)
Armour
 q - a +1 pair of boots (worn)
 s - a +1 cloak (worn)
 y - a +0 chain mail (worn)
 z - a +0 kite shield (worn)
Jewellery
 h - an uncursed amulet of the acrobat
 k - a ring of protection from cold (left hand)
 w - an amulet of regeneration (around neck)
Wands
 l - a wand of polymorph (6)
 D - a wand of acid (13)
Scrolls
 a - 2 scrolls of fear {unknown}
 f - 10 scrolls of remove curse
 g - a scroll of identify
 i - 3 scrolls of blinking {unknown}
 j - 2 scrolls of magic mapping {unknown}
 m - 3 scrolls of teleportation
 E - a scroll of brand weapon {unknown}
 G - 3 scrolls of amnesia {unknown}
 J - a scroll of random uselessness {unknown}
Potions
 b - a potion of cancellation {unknown}
 d - a potion of ambrosia {unknown}
 n - a potion of might {unknown}
 o - 6 potions of curing
 r - 2 potions of haste {unknown}
 t - a potion of stabbing {unknown}
 A - a potion of mutation {unknown}
 B - a potion of flight {unknown}
 F - 3 potions of lignification
 I - a potion of brilliance {unknown}
Comestibles
 e - 21 rations


   Skills:
 + Level 9.4 Fighting
 * Level 11.2 Maces & Flails
 + Level 8.0 Armour
 - Level 4.1 Dodging
 - Level 3.1 Stealth
 * Level 9.6 Shields


You had 10 spell levels left.
You didn't know any spells.
Your spell library was empty.

Dungeon Overview and Level Annotations

Branches:
Dungeon (10/15)            Temple (1/1) D:4            Lair (1/6) D:9
    Orc: D:9-12

Altars:
Ashenzari
Cheibriados
Dithmenos
Elyvilon
Fedhas
Gozag
Hepliaklqana
Kikubaaqudgha
Makhleb
Nemelex Xobeh
Okawaru
Qazlal
Ru
Sif Muna
Trog
Uskayaw
Vehumet
Wu Jian
Xom
Yredelemnul
Zin
The Shining One

Shops:
D:4 *

Annotations:
D:9 3 runed translucent doors, happimess's ghost, novice DECj


Innate Abilities, Weirdness & Mutations

You are resistant to torment.
Your stone body is resilient. (AC +8)
You are immune to poison.
You resist negative energy. (rN+)
You are resistant to electric shocks. (rElec)
You can survive without breathing.
You are immune to petrification.
You are immune to rotting.


Message History

The komodo dragon is moderately wounded.
You block the komodo dragon's attack.
You hit the komodo dragon.
The komodo dragon is moderately wounded.
The komodo dragon bites you!!
* * * LOW HITPOINT WARNING * * *
You hit the komodo dragon.
The komodo dragon is moderately wounded.
You block the komodo dragon's attack.
You hit the komodo dragon.
The komodo dragon is heavily wounded.
The komodo dragon closely misses you.
You hit the komodo dragon.
The komodo dragon is heavily wounded.
The komodo dragon bites you!
* * * LOW HITPOINT WARNING * * *
You hit the komodo dragon but do no damage.
The komodo dragon is heavily wounded.
The komodo dragon bites you!!
You die...

....#.####..
.................
........%...
.........†.......
...#%###.##.
#.#........###P## ...###
# ####.....# # ...#
#.....## ...P# #......#
?.$## #. #####......####
...P
#...####.##P....#....#
...##
###.....@lt...........##
....
###.#...#########.#######
P... ......... ###..S.#
........####....###
........#.)....#.####
........#####.#.....#
#........#.......#
#....##..###.##### ##
#.....#....#...P##...#


You could see a komodo dragon and a crocodile.

Vanquished Creatures
  2 two-headed ogres
  An elephant (D:9)
  A black mamba (Lair:1)
  A spiny frog (Lair:1)
  3 komodo dragons
  A troll (D:9)
  A queen bee (Lair:1)
  2 hornets
  4 hippogriffs
  A wyvern (D:6)
  A fire bat (D:7)
  2 basilisks (D:9)
  5 yaks
  A porcupine (Lair:1)
  Duvessa (D:7)
  2 orc warriors
  2 sky beasts
  A necrophage (D:6)
  A phantom (D:9)
  3 ice beasts
  3 ogres
  7 centaurs
  A crocodile (D:8)
  Blork the orc (D:4)
  9 bullfrogs
  Dowan (D:7)
  2 scorpions (D:6)
  19 killer bees (Lair:1)
  4 howler monkeys
  4 crimson imps
  2 bullfrog zombies
  3 jellies
  4 orc priests
  2 centaur skeletons
  2 hounds
  9 orc wizards
  2 bullfrog skeletons
  5 iguanas
  5 worker ants
  2 hound skeletons
  Robin (D:2)
  2 howler monkey skeletons
  11 adders
  A shadow imp (D:7)
  An ooze (D:3)
  3 worms
  A dart slug (D:1)
  6 leopard geckos
  26 orcs
  6 giant cockroaches
  14 goblins
  7 hobgoblins
  14 jackals
  3 bats
  7 frilled lizards
  8 kobolds
  A leopard gecko zombie (D:6)
  A quokka skeleton (D:9)
  3 rats
239 creatures vanquished.

Vanquished Creatures (others)
  A fungus (Lair:1)
  2 plants (D:9)
3 creatures vanquished.

Grand Total: 242 creatures vanquished

Notes
Turn   | Place    | Note
-------+----------+-------------------------------------------
     0 | D:1      | sahdkjhfkaj the Gargoyle Monk began the quest for the Orb.
     0 | D:1      | Reached XP level 1. HP: 14/14 MP: 1/1
   300 | D:1      | Reached XP level 2. HP: 19/19 MP: 2/2
   993 | D:2      | Reached XP level 3. HP: 17/24 MP: 3/3
  1167 | D:2      | Noticed Robin
  1210 | D:2      | Killed Robin
  1210 | D:2      | Reached XP level 4. HP: 14/29 MP: 4/4
  2285 | D:4      | Found an iron altar of Okawaru.
  2299 | D:4      | Found Cianehun's Lightly-Used Armoury.
  2306 | D:4      | Found a staircase to the Ecumenical Temple.
  2318 | Temple   | Entered the Ecumenical Temple
  2558 | Temple   | Became a worshipper of the Shining One
  2558 | Temple   | Reached * piety under the Shining One
  2558 | Temple   | Reached ** piety under the Shining One
  2584 | D:4      | Noticed an ogre
  2591 | D:4      | HP: 1/29 [ogre/+0 giant club (10)]
  2594 | D:4      | Killed an ogre
  2594 | D:4      | Reached skill level 4 in Maces & Flails
  2594 | D:4      | Reached skill level 1 in Armour
  2594 | D:4      | Reached XP level 5. HP: 25/33 MP: 5/5
  2690 | D:4      | Noticed an orc warrior
  2733 | D:4      | Killed an orc warrior
  2733 | D:4      | Reached XP level 6. HP: 13/38 MP: 6/6
  2992 | D:4      | Noticed Blork the orc
  3009 | D:4      | Killed Blork the orc
  3009 | D:4      | Reached skill level 5 in Maces & Flails
  3304 | D:3      | Reached XP level 7. HP: 39/44 MP: 7/7
  3846 | D:4      | Bought a -1 demon whip for 110 gold pieces
  4049 | D:5      | Entered Level 5 of the Dungeon
  4370 | D:5      | Reached skill level 5 in Fighting
  4614 | D:6      | Found a glowing silver altar of Zin.
  4776 | D:6      | Noticed a wyvern
  4790 | D:6      | Killed a wyvern
  4790 | D:6      | Reached skill level 6 in Maces & Flails
  4790 | D:6      | Reached XP level 8. HP: 27/51 MP: 8/8
  4976 | D:6      | Reached skill level 7 in Maces & Flails
  5233 | D:6      | Reached skill level 1 in Shields
  5864 | D:7      | Reached XP level 9. HP: 56/56 MP: 9/9
  5917 | D:7      | Noticed Dowan
  5917 | D:7      | Noticed Duvessa
  5929 | D:7      | Killed Duvessa
  5935 | D:7      | Killed Dowan
  5949 | D:7      | Reached *** piety under the Shining One
  5980 | D:7      | Noticed a hornet
  5989 | D:7      | a hornet changed into a fire bat
  5994 | D:7      | Reached skill level 5 in Armour
  6144 | D:7      | Reached skill level 8 in Maces & Flails
  6351 | D:7      | Noticed a hornet
  6358 | D:7      | Killed a hornet
  6455 | D:8      | Noticed a two-headed ogre
  6588 | D:8      | Reached skill level 5 in Shields
  6781 | D:9      | Noticed an elephant
  6796 | D:9      | Reached skill level 9 in Maces & Flails
  6796 | D:9      | Reached XP level 10. HP: 45/64 MP: 10/10
  6863 | D:9      | Found a staircase to the Lair.
  7049 | D:9      | Found a runed translucent gate.
  7051 | D:9      | Noticed an 11-headed hydra
  7051 | D:9      | Noticed happimess's ghost (novice DECj)
  7052 | D:9      | Found a runed translucent gate.
  7053 | D:9      | Found a runed translucent gate.
  7780 | D:8      | Killed a two-headed ogre
  8092 | D:9      | Killed an elephant
  8092 | D:9      | Reached skill level 10 in Maces & Flails
  8169 | D:10     | Entered Level 10 of the Dungeon
  8234 | D:9      | Reached XP level 11. HP: 50/69 MP: 11/11
  8343 | D:10     | Reached **** piety under the Shining One
  8585 | D:10     | Noticed a two-headed ogre
  8599 | D:10     | Killed a two-headed ogre
  9130 | Lair:1   | Entered Level 1 of the Lair of Beasts
  9580 | Lair:1   | Reached skill level 11 in Maces & Flails
  9677 | Lair:1   | HP: 2/71 [komodo dragon (10)]
  9678 | Lair:1   | Demolished by a komodo dragon

Illustrated notes

Levels and vault maps discovered:
D:1:      roderic_crop_circles_arrival_small, layout_rooms, serial_rivers,
          chequers_serial_rivers_large_a, chequers_serial_rivers_micro_d,
          chequers_serial_rivers_small_3, chequers_serial_rivers_large_b,
          chequers_serial_rivers_room_a
D:2:      layout_basic, uniq_robin
D:3:      layout_basic, first_ration
D:4:      layout_gridville, kennysheep_mini, minmay_temple_entry_overgrown,
          minmay_shop_damaged, kennysheep_generic_room_11, uniq_blork_the_orc
D:5:      layout_loops_ring
D:6:      layout_layer_cave, basic_altar
D:7:      layout_rooms, grunt_ogre_cave, grunt_decor_resistance, uniq_duvessa
D:8:      layout_basic, minmay_lizard_king
D:9:      layout_roguey, david_lair_generic, gammafunk_ghost_hydra_chop
D:10:     layout_big_octagon
Temple:   roderic_octagonal_lattice_temple
Lair:1:   beast_lair_carwin_large_3, layout_hall_layers, special_room
          [special_room_bee], uniq_fannar

Skill      XL: |  1  2  3  4  5  6  7  8  9 10 11 |
---------------+----------------------------------+-----
Fighting       | 4 5 6 7 8 9 |  9.4
Maces & Flails | 4 5 6 7 9 10 11 | 11.2
Armour         | 1 2 3 4 5 7 8 |  8.0
Dodging        | 3 4 |  4.1
Stealth        | 3 |  3.1
Shields        | 2 5 8 9 |  9.6

Action                   |  1- 3 |  4- 6 |  7- 9 | 10-12 || total
-------------------------+-------+-------+-------+-------++-------
Melee: Mace              |    82 |   122 |       |       ||   204
       Flail             |       |     8 |   348 |   326 ||   682
       Morningstar       |       |       |       |    95 ||    95
Evoke: Wand              |       |       |     1 |       ||     1
  Use: Scroll            |     1 |     1 |     8 |     5 ||    15
       Potion            |       |     4 |     4 |     2 ||    10
 Stab: Distracted        |     1 |       |       |       ||     1
       Sleeping          |     1 |     1 |       |       ||     2
  Eat: Chunk             |     1 |     7 |     8 |    10 ||    26
       Ration            |       |       |     1 |       ||     1
Armor: Robe              |     6 |       |       |       ||     6
       Ring mail         |    46 |    62 |    73 |       ||   181
       Chain mail        |       |       |   157 |   286 ||   443
Dodge: Dodged            |    75 |    73 |   189 |   173 ||   510
Block: Kite shield       |       |       |   137 |   338 ||   475
